 Dungeon Crawl Stone Soup version 0.23.1-37-gaa34b87b72 (webtiles) character file.

Game seed: 10387265891420675839

17 Yolvan the Magician (level 2, -1/15 HPs)
             Began as a Deep Elf Wizard on Mar 23, 2019.
             Slain by a leopard gecko (3 damage)
             ... on level 1 of the Dungeon.
             The game lasted 00:08:11 (495 turns).

Yolvan the Magician (Deep Elf Wizard)                Turns: 495, Time: 00:08:11

Health: -1/15      AC:  2    Str:  4    XL:     2   Next: 44%
Magic:  4/10       EV: 13    Int: 22    God:
Gold:   39         SH:  0    Dex: 13    Spells: 10/11 levels left

rFire    . . .     SeeInvis .   j - +0 hunting sling
rCold    . . .     Gourm    .   (no shield)
rNeg     . . .     Faith    .   a - +0 robe
rPois    .         Spirit   .   b - +0 hat
rElec    .         Reflect  .   (no cloak)
rCorr    .         Harm     .   (no gloves)
MR       .....                  (no boots)
Stlth    ++........             (no amulet)
HPRegen  0.05/turn              (no ring)
MPRegen  0.12/turn              (no ring)

@: very slightly contaminated, hasted, very quick
A: no striking features
a: no special abilities


You were on level 1 of the Dungeon.
You were not hungry.

You visited 1 branch of the dungeon, and saw 1 of its levels.

You collected 39 gold pieces.

Inventory:

Hand Weapons
 j - a +0 hunting sling (weapon)
 k - a cursed +0 mace
 l - a cursed +0 club
 n - a +0 dagger
 p - a cursed +0 club
 q - a +0 hand axe
Missiles
 e - 14 stones (quivered)
Armour
 a - a +0 robe (worn)
 b - a +0 hat (worn)
 h - a +0 ring mail
Scrolls
 c - a scroll of fog {unknown}
 i - a scroll of amnesia {unknown}
 m - a scroll of remove curse {unknown}
Potions
 o - a potion of heal wounds {unknown}
Comestibles
 d - a ration
 f - a chunk of flesh


   Skills:
 + Level 2.5 Dodging
 + Level 2.6 Stealth
 + Level 5.3 Spellcasting
 + Level 1.2 Conjurations
   Level 1.1 Summonings
   Level 1.1 Translocations


You had 10 spell levels left.
You knew the following spells:

 Your Spells              Type           Power        Failure   Level  Hunger
a - Magic Dart            Conj           ##..         6%          1    None

Your spell library contained the following spells:

 Spells                   Type           Power        Failure   Level  Hunger
 Blink                    Tloc           N/A          10%         2    None
 Call Imp                 Summ           ##......     10%         2    None
 Slow                     Hex            #.......     16%         2    None
 Conjure Flame            Conj/Fire      #.......     22%         3    ##.....
 Mephitic Cloud           Conj/Pois/Air  #.......     26%         3    ##.....


Dungeon Overview and Level Annotations

Branches:
Dungeon (1/15)

Altars:


Message History

Aim: a hobgoblin, wielding a +0 club (almost dead)
The magic dart hits the hobgoblin.
You kill the hobgoblin!
The leopard gecko bites you.
The kobold throws a stone.
The stone barely misses you. The leopard gecko bites you.
The kobold hits you with a cursed +0 dagger.
The leopard gecko bites you.
* * * LOW HITPOINT WARNING * * *
You see here a stone.
The kobold closely misses you. The leopard gecko bites you.
* * * LOW HITPOINT WARNING * * *
The leopard gecko closely misses you.
It was a potion of haste.
You feel yourself speed up. The kobold hits you but does no damage.
The leopard gecko misses you.
The kobold throws a stone.
The stone closely misses you.
The kobold hits you with a cursed +0 dagger.
* * * LOW HITPOINT WARNING * * *
The leopard gecko bites you.
You die...

##.......##.#####
####....######.#
......)w## #.#
#######.(## #.#
......##..####.###
######.##....K...#
.....##.##w...K..#
##'##.##.#.....l.#
#...##.#.#......@#
..##.#.#.#.......#
≈#<#.#.#.#..##(###
.###.#.#.#..##.#
#...##.#.#..##.#
#####.##.#..##.#
.....##.##..#..#
###.##.##.....##
...≈..##.......#


You could see a dart slug, a leopard gecko and 2 kobolds.

Vanquished Creatures
  A giant cockroach (D:1)
  2 goblins (D:1)
  A hobgoblin (D:1)
  3 kobolds (D:1)
  7 bats (D:1)
  A frilled lizard (D:1)
  4 rats (D:1)
19 creatures vanquished.

Notes
Turn   | Place    | Note
-------+----------+-------------------------------------------
     0 | D:1      | Yolvan the Deep Elf Wizard began the quest for the Orb.
     0 | D:1      | Reached XP level 1. HP: 10/10 MP: 7/7
   268 | D:1      | Reached skill level 5 in Spellcasting
   268 | D:1      | Reached XP level 2. HP: 15/15 MP: 1/10
   495 | D:1      | Slain by a leopard gecko

Skill      XL: |  1 |
---------------+----+-----
Spellcasting   | 5 |  5.3
Dodging        | |  2.5
Stealth        | |  2.6
Conjurations   | |  1.2
Summonings     | |  1.1
Translocations | |  1.1

Action                   || total
-------------------------++-------
Melee: Unarmed           ||     7
 Cast: Magic Dart        ||    33
  Use: Potion            ||     1
Armor: Robe              ||     3
Dodge: Dodged            ||    18
